 Dungeon Crawl Stone Soup version 0.31-a0-4-gefa6de2278 (webtiles) character file.

Game seed: 10454795144123630469

9255 olmar the Basher (level 11, -6/69 HPs)
             Began as a Gargoyle Fighter on May 4, 2023.
             Was a Priest of Makhleb.
             Mangled by a fire elemental (10 damage)
             ... summoned by a deep elf pyromancer
             ... on level 11 of the Dungeon.
             The game lasted 00:12:41 (9220 turns).

olmar the Basher (Gargoyle Fighter)                 Turns: 9220, Time: 00:12:42

Health: -6/69      AC: 30    Str: 23    XL:     11   Next: 43%
Magic:  12/12      EV:  7    Int: 10    God:    Makhleb [***...]
Gold:   437        SH:  6    Dex: 15    Spells: 10/10 levels left

rFire   . . .        I - +2 mace (freeze)
rCold   . . .        c - +0 buckler
rNeg    + . .        G - +0 plate armour
rPois   ∞            (no helmet)
rElec   +            s - +1 cloak
rCorr   .            m - +0 pair of gloves
SInv    .            r - +0 pair of boots
Will    .....        y - amulet of magic regeneration Stlth
                     g - +6 ring of dexterity
HPRegen 0.31/turn    l - +4 ring of protection
MPRegen 0.53/turn

%: no passive effects
@: no status effects
A: sickness immunity, AC +8, negative energy resistance 1, electricity
resistance, torment resistance 1, petrification resistance
a: Renounce Religion, Minor Destruction, Lesser Servant of Makhleb


You were on level 11 of the Dungeon.
You worshipped Makhleb.
Makhleb was most pleased with you.
You visited 2 branches of the dungeon, and saw 12 of its levels.

You collected 535 gold pieces.
You spent 98 gold pieces at shops.

Inventory:

Hand Weapons
 a - a +0 flail
 z - a +0 whip of flaming
 E - a +0 flail of protection
 I - a +2 mace of freezing (weapon)
Armour
 b - a +0 scale mail
 c - a +0 buckler (worn)
 m - a +0 pair of gloves (worn)
 q - a +0 troll leather armour
 r - a +0 pair of boots (worn)
 s - a +1 cloak (worn)
 G - a +0 plate armour (worn)
Jewellery
 g - a +6 ring of dexterity (left hand)
 l - a +4 ring of protection (right hand)
 o - a ring of resist corrosion
 y - an amulet of magic regeneration (around neck)
 H - a ring of fire
Wands
 t - a wand of flame (8)
 A - a wand of digging (7)
 N - a wand of roots (5)
 O - a wand of mindburst (11)
Scrolls
 e - a scroll of torment
 i - 2 scrolls of vulnerability
 j - 7 scrolls of teleportation
 k - 2 scrolls of enchant armour
 n - 5 scrolls of immolation
 p - a scroll of summoning
 u - a scroll of identify
 v - a scroll of noise
 D - 3 scrolls of magic mapping
 F - a scroll of poison
 M - a scroll of blinking {unknown}
 P - a scroll of silence {unknown}
Potions
 d - a potion of might
 f - 3 potions of magic
 h - 6 potions of curing
 w - 2 potions of cancellation
 x - 2 potions of flight
 B - a potion of ambrosia
 C - a potion of attraction
 J - 2 potions of mutation
 K - a potion of haste
 L - 2 potions of brilliance {unknown}


   Skills:
 + Level 8.6 Fighting
 + Level 11.8 Maces & Flails
 + Level 8.3 Armour
 - Level 1.2 Dodging
 + Level 3.8 Stealth
 + Level 8.6 Shields
 + Level 2.4 Invocations
 - Level 0.1 Evocations


You had 10 spell levels left.
You didn't know any spells.
Your spell library contained the following spells:

 Spells                   Type           Power      Damage    Failure   Level
 Freeze                   Ice            0%         1d3       99%         1
 Frozen Ramparts          Ice            0%         1d1       100%        3
 Hailstorm                Conj/Ice       0%         3d3       100%        3
 Ignite Poison            Fire/Tmut/Pois 0%         N/A       100%        3
 Manifold Assault         Tloc           0%         N/A       100%        4
 Freezing Cloud           Conj/Ice/Air   0%         6-21      100%        5
 Dispersal                Tloc           0%         N/A       100%        6
 Disjunction              Tloc           0%         N/A       100%        8
 Cigotuvi's Dreadful Rot  Necr/Pois/Air  Unusable   N/A       N/A         2

Dungeon Overview and Level Annotations

Branches:
Dungeon (11/15)            Temple (1/1) D:6            Lair (0/5) D:10
    Orc (0/2) D:10

Altars:
Ashenzari
Cheibriados
Dithmenos
Elyvilon
Fedhas
Gozag
Hepliaklqana
Kikubaaqudgha
Makhleb
Nemelex Xobeh
Okawaru
Qazlal
Ru
Sif Muna
Trog
Uskayaw
Vehumet
Wu Jian
Xom
Yredelemnul
Zin
The Shining One

Shops:
D:3 *   D:7 :   D:11 ((


Innate Abilities, Weirdness & Mutations

You are immune to sickness and miasma.
Your stone body is resilient. (AC +8)
You are immune to poison.
You resist negative energy. (rN+)
You are resistant to electric shocks. (rElec)
You are resistant to unholy torment.
You are immune to petrification.


Message History

The deep elf pyromancer is lightly wounded.
Unknown command.
You hit the deep elf pyromancer. You freeze the deep elf pyromancer.
The deep elf pyromancer is moderately wounded.
The centaur shoots an arrow.
The arrow hits you.
The deep elf pyromancer gestures at you while chanting.
The bolt of fire hits you but does no damage.
The centaur shoots an arrow.
You block the arrow.
Unknown command.
You sock the deep elf pyromancer! You freeze the deep elf pyromancer.
The deep elf pyromancer is heavily wounded.
The deep elf pyromancer gestures wildly while chanting.
A wraith comes into view.
The centaur shoots an arrow.
The arrow hits you!
Unknown command.
You closely miss the deep elf pyromancer.
The deep elf pyromancer is heavily wounded.
The centaur shoots an arrow.
The arrow hits you but does no damage.
The deep elf pyromancer casts a spell at you.
The sticky flame hits you but does no damage.
You are covered in liquid flames!
The fire elemental hits you. The fire elemental burns you!
* * * LOW HITPOINT WARNING * * *
Unknown command.
You closely miss the deep elf pyromancer.
The deep elf pyromancer is heavily wounded.
You are covered in liquid flames!
* * * LOW HITPOINT WARNING * * *
The centaur shoots an arrow.
You block the arrow.
The deep elf pyromancer closely misses you.
The fire elemental hits you. The fire elemental burns you!
* * * LOW HITPOINT WARNING * * *
Okay, then.
The deep elf pyromancer attacks as you move away!
The deep elf pyromancer hits you but does no damage.
You are covered in liquid flames!
* * * LOW HITPOINT WARNING * * *
You are no longer on fire.
The fire elemental hits you. The fire elemental burns you!
You die...

#......# #. #......# #.# ####'###
##### #.. ... #.# #...# #.# #.#
#.# #...# #.# #.# #.# #.(.#
#.#####.# #.# #e..# #.#......
#.########.W.#.# #.#.###.#
#........@Ec...# #.# ...#
########################.#######
....>....................>......
#######.#######.###.#####.#.#...
#.# #................... #####
#.# #.'++.#.#####.######
....####.### #.+∩'.#.####........
##.........###.+++.#.##..........
#..###.##..####...#.##.#..##....


You could see a deep elf pyromancer, a fire elemental (summoned), a wraith and a
centaur.

Vanquished Creatures
  3 two-headed ogres
  A boulder beetle (D:9)
  Pikel (D:5)
  An unseen horror (D:10)
  A rime drake (D:10)
  A troll (D:9)
  A shadow (D:11)
  A wraith (D:8)
  3 yaks (D:10)
  3 wyverns
  2 steam dragons
  2 water moccasins
  Duvessa (D:5)
  5 ice beasts
  5 orc warriors
  A sky beast (D:7)
  2 ogres
  A black bear (D:6)
  4 wolves (D:10)
  A lemure (D:5)
  3 centaurs
  4 kobold brigands
  2 bullfrogs
  A gnoll sergeant (D:10)
  2 scorpions
  7 wights (D:9)
  Dowan (D:5)
  An electric eel (D:8)
  A howler monkey (D:6)
  2 hounds
  2 jellies
  2 gnoll boudas
  7 orc priests
  A sleepcap (D:6)
  Natasha (twice) (D:4)
  4 iguanas
  8 orc wizards
  11 gnolls
  9 adders
  A shadow imp (D:7)
  2 white imps
  An ufetubus (D:7)
  A worm (D:3)
  2 dart slugs
  40 orcs
  4 ball pythons
  3 bats
  3 endoplasms (D:2)
  7 goblins
  A hobgoblin (D:2)
  2 jackals (D:4)
  18 kobolds
  2 quokkas
  2 frilled lizards
  3 rats
202 creatures vanquished.

Vanquished Creatures (others)
  A bush (D:10)
1 creature vanquished.

Grand Total: 203 creatures vanquished

Notes
Turn   | Place    | Note
-------+----------+-------------------------------------------
     0 | D:1      | olmar the Gargoyle Fighter began the quest for the Orb.
     0 | D:1      | Reached XP level 1. HP: 14/14 MP: 1/1
   348 | D:1      | Reached XP level 2. HP: 18/19 MP: 2/2
   600 | D:2      | Reached XP level 3. HP: 19/23 MP: 3/3
   698 | D:2      | Found a faded altar of an unknown god.
  1233 | D:3      | Found Iniodot's General Store.
  1238 | D:3      | Bought a potion of heal wounds for 70 gold pieces
  1238 | D:3      | Bought a scroll of identify for 28 gold pieces
  1331 | D:3      | Reached XP level 4. HP: 25/29 MP: 4/4
  1559 | D:3      | Found a glowing golden altar of the Shining One.
  2042 | D:4      | Noticed Natasha
  2050 | D:4      | Killed Natasha
  2087 | D:4      | Reached skill level 3 in Maces & Flails
  2093 | D:4      | Reached XP level 5. HP: 28/33 MP: 5/5
  2153 | D:4      | Noticed Natasha
  2167 | D:4      | Killed Natasha
  2198 | D:4      | Found a blossoming altar of Fedhas.
  2394 | D:4      | Found a shimmering altar of Xom.
  2473 | D:5      | Entered Level 5 of the Dungeon
  2473 | D:5      | Noticed a centaur
  2480 | D:5      | Killed a centaur
  2481 | D:5      | Reached skill level 4 in Maces & Flails
  2481 | D:5      | Reached skill level 1 in Dodging
  2481 | D:5      | Reached XP level 6. HP: 35/38 MP: 6/6
  2528 | D:5      | Reached skill level 5 in Shields
  2576 | D:5      | Found an iron altar of Okawaru.
  2722 | D:5      | Reached XP level 7. HP: 36/44 MP: 7/7
  2725 | D:5      | Reached skill level 1 in Stealth
  2740 | D:5      | Reached skill level 5 in Maces & Flails
  3041 | D:5      | Noticed Pikel
  3065 | D:5      | Killed Pikel
  3066 | D:5      | Reached skill level 5 in Fighting
  3066 | D:5      | Reached skill level 6 in Maces & Flails
  3066 | D:5      | Reached XP level 8. HP: 41/49 MP: 8/8
  3194 | D:5      | Reached skill level 7 in Maces & Flails
  3201 | D:5      | Noticed Dowan
  3202 | D:5      | Noticed Duvessa
  3210 | D:5      | Killed Duvessa
  3213 | D:5      | Killed Dowan
  3612 | D:6      | Reached skill level 5 in Armour
  3657 | D:6      | Found a staircase to the Ecumenical Temple.
  3678 | Temple   | Entered the Ecumenical Temple
  3839 | Temple   | Became a worshipper of Makhleb the Destroyer
  3955 | D:6      | Reached XP level 9. HP: 55/55 MP: 9/9
  4108 | D:6      | Reached skill level 8 in Maces & Flails
  4529 | D:7      | Reached * piety under Makhleb
  4660 | D:7      | Found Syapn's Self-Improvement Boutique.
  4723 | D:7      | Reached skill level 9 in Maces & Flails
  5532 | D:8      | Found a shimmering blue altar of Sif Muna.
  5609 | D:8      | Reached ** piety under Makhleb
  5944 | D:8      | Reached XP level 10. HP: 53/61 MP: 10/10
  6077 | D:8      | Reached skill level 10 in Maces & Flails
  6743 | D:9      | Noticed a boulder beetle
  6780 | D:9      | Killed a boulder beetle
  7011 | D:9      | Noticed a two-headed ogre
  7108 | D:9      | Killed a two-headed ogre
  7109 | D:9      | Reached skill level 11 in Maces & Flails
  7309 | D:10     | Entered Level 10 of the Dungeon
  7406 | D:10     | Found a white marble altar of Elyvilon.
  7458 | D:10     | Reached skill level 1 in Invocations
  7477 | D:10     | Reached XP level 11. HP: 39/68 MP: 12/12
  7804 | D:10     | Found an opulent altar of Gozag.
  7827 | D:10     | Reached *** piety under Makhleb
  7830 | D:10     | Found a staircase to the Orcish Mines.
  8072 | D:10     | Found a staircase to the Lair.
  8529 | D:11     | Found Golleic's Antique Weapon Emporium.
  8677 | D:11     | Noticed a two-headed ogre
  8688 | D:11     | Killed a two-headed ogre
  8984 | D:11     | Noticed a two-headed ogre
  8988 | D:11     | Found Ahoclig's Weapon Shop.
  9001 | D:11     | Killed a two-headed ogre
  9212 | D:11     | Noticed a deep elf pyromancer
  9220 | D:11     | Mangled by a fire elemental

Illustrated notes

Levels and vault maps discovered:
D:1:      spicycebolla_arrival_xxxplode, layout_rooms, serial_forest,
          infiniplex_forest_lined_2, infiniplex_forest_clump_small,
          infiniplex_forest_straight_2, infiniplex_forest_lined_3_way,
          infiniplex_forest_lined_1
D:2:      layout_rooms, chequers_ecumenical_altar_island, serial_corexii_hall,
          corexii_hall_statues_i, corexii_hall_statues_t,
          chequers_hall_statues_wall_a, corexii_hall_statues_t
D:3:      layout_loops_ring, tso_metal_star, serial_shops, shop
D:4:      layout_basic, lemuel_coloured_pillars_altar, fedhas_altar_2,
          uniq_natasha
D:5:      layout_loops_corners, old_standard_altar, minmay_stone_trees_medium,
          uniq_duvessa, uniq_pikel
D:6:      layout_loops_ring, minmay_temple_entry_slanted,
          amcnicky_mini_rare_corridor_liquid
D:7:      layout_loops_ring, nicolae_shop_self_help
D:8:      layout_basic, overflow_temple_1_default, nrook_pool_corridor
D:9:      layout_loops_ring
D:10:     layout_stronghold, nicolae_gozag_seed_capital,
          nicolae_elyvilon_peaceful_grove, hellmonk_lair_entry_icy, orc_0_dummy
D:11:     layout_basic, serial_shops, shop, nicolae_shop_tiny_waterfront,
          nicolae_shop_tiny_real_fake_doors
Temple:   nicolae_temple_superstar

Skill      XL: |  1  2  3  4  5  6  7  8  9 10 11 |
---------------+----------------------------------+-----
Fighting       | 4 5 6 8 |  8.6
Armour         | 4 5 6 7 8 |  8.3
Maces & Flails | 3 4 6 7 9 11 | 11.8
Shields        | 4 5 7 8 |  8.6
Dodging        | 1 |  1.2
Stealth        | 2 3 |  3.8
Invocations    | 1 2 |  2.4
Evocations     | |  0.1

Action                     |  1- 3 |  4- 6 |  7- 9 | 10-12 || total
---------------------------+-------+-------+-------+-------++-------
  Melee: Flail             |    86 |   119 |   387 |   133 ||   725
         Mace              |       |       |       |   313 ||   313
  Throw: Throwing net      |       |     2 |       |       ||     2
 Invoke: Minor Destruction |       |       |       |     8 ||     8
         Lesser Servant of |       |       |       |     1 ||     1
  Evoke: Wand              |       |     2 |     5 |     5 ||    12
    Use: Scroll            |     6 |       |     4 |     8 ||    18
         Potion            |     1 |       |     2 |     6 ||     9
   Stab: Held in net/web   |       |     2 |       |       ||     2
         Distracted        |       |       |     2 |       ||     2
         Invisible         |       |       |       |     2 ||     2
 Armour: Scale mail        |    31 |    79 |   202 |     6 ||   318
         Plate armour      |       |       |       |   313 ||   313
  Dodge: Dodged            |    52 |    63 |   131 |    90 ||   336
  Block: Buckler           |    19 |    35 |   110 |   127 ||   291

Table legend: (Time is in decaauts)
 A = Elapsed time spent in this place.
 B = Non-inter-level travel time spent in this place.
 C = Inter-level travel time spent in this place.
 D = Time resting spent in this place.
 E = Time spent auto-exploring this place.
 F = Levels seen in this place.
 G = Mean time per level.
                   A        B        C        D        E       F      G
               +--------+--------+--------+--------+--------+-----+--------+
         Total |   9236 |   8997 |    239 |    223 |   6888 |  12 |  769.7 |
       Dungeon |   9061 |   8835 |    226 |    223 |   6788 |  11 |  823.7 |
        Temple |    174 |    161 |     13 |      0 |    100 |   1 |  174.0 |
               +--------+--------+--------+--------+--------+-----+--------+

Top non-repeatable levels by time:
     D:5: 1120 daAuts
    D:10: 1078 daAuts
     D:9: 977 daAuts
     D:7: 935 daAuts
     D:8: 868 daAuts
    D:11: 792 daAuts
     D:6: 761 daAuts
     D:3: 752 daAuts
     D:4: 696 daAuts
     D:1: 564 daAuts
     D:2: 513 daAuts
  Temple: 174 daAuts
